 Dungeon Crawl Stone Soup version 0.29-a0-468-ge57f7f99b4 (webtiles) character file.

Game seed: 6095803855958350864

57769 bladeefan the Basher (level 14, -7/118 HPs)
             Began as a Demonspawn Chaos Knight on May 19, 2022.
             Was a Plaything of Xom.
             Mangled by a dire elephant (24 damage)
             ... on level 6 of the Lair of Beasts on May 21, 2022.
             The game lasted 00:37:07 (14997 turns).

bladeefan the Basher (Demonspawn Chaos Knight)     Turns: 14997, Time: 00:37:07

Health: -7/118     AC: 26    Str: 23    XL:     14   Next: 47%
Magic:  23/23      EV: 13    Int: 13    God:    Xom [.*....]
Gold:   1217       SH:  0    Dex: 12    Spells: 13/13 levels left

rFire   + + .      SeeInvis .   a - +1 morningstar (protect)
rCold   + . .      Faith    +   A - +0 buckler of Jacsoix {Str+4}
rNeg    + + .      Spirit   .   H - +6 scale mail "Ypigerak" {rElec rN+ MP+9}
rPois   +          Reflect  .   (helmet restricted)
rElec   +          Harm     .   (no cloak)
rCorr   .          Rampage  .   (no gloves)
Will    +....                   (no boots)
Stlth   ..........              e - amulet "Denafoha" {Faith rPois rN+ Int+4 Slay+2}
HPRegen 1.89/turn               i - ring of protection from fire
MPRegen 0.36/turn               y - ring of protection from fire

@: confused, mighty, ambrosia-drunk, cleaving, under a protective aura, unable
to read
A: hooves 2, icy blue scales 3, ignite blood 2, magic regeneration, horns 1,
clumsy 1, dopey 2, mutation resistance 1, sense surroundings 1, regeneration 2,
shaggy fur 1, strong 1, inability to read while threatened
a: Renounce Religion


You were on level 6 of the Lair of Beasts.
You worshipped Xom.
You were a plaything of Xom.
You visited 2 branches of the dungeon, and saw 16 of its levels.

You collected 1217 gold pieces.

Inventory:

Hand Weapons
 a - a +1 morningstar of protection (weapon)
   (You took it off an orc warrior on level 6 of the Dungeon)
 F - the +2 quarterstaff "Patioz" {drain, Dex+5}
   (You found it on level 8 of the Dungeon)

   A truly terrible weapon, it drains the life of any living foe it strikes.
   Dex:       It affects your dexterity (+5).
Missiles
 I - 5 throwing nets {!f}
Armour
 g - the +3 leather armour of Light {Rampage}
   (You found it on level 3 of the Lair of Beasts)

   Rampage:   It bestows one free step when moving towards enemies.
 A - the +0 buckler of Jacsoix (worn) {Str+4}
   (You found it on level 6 of the Dungeon)

   Str:       It affects your strength (+4).
 H - the +6 scale mail "Ypigerak" (worn) {rElec rN+ MP+9}
   (You found it on level 8 of the Dungeon)

   rElec:     It insulates you from electricity.
   rN:        It protects you from negative energy.
   MP:        It affects your magic capacity (+9).
 K - the +0 scale mail of Devotion {+Blink}
   (You found it on level 10 of the Dungeon)

   +Blink:    It lets you blink.
Jewellery
 e - the amulet "Denafoha" (around neck) {Faith rPois rN+ Int+4 Slay+2}
   (You acquired it on level 1 of the Lair of Beasts)

   [amulet of faith]

   It allows you to gain divine favour quickly.
   Int:       It affects your intelligence (+4).
   Slay:      It affects your accuracy & damage with ranged weapons and melee
   (+2).
   rPois:     It protects you from poison.
   rN:        It protects you from negative energy.
 i - a ring of protection from fire (left hand)
   (You found it on level 2 of the Dungeon)
 y - a ring of protection from fire (right hand)
   (You found it on level 4 of the Dungeon)
 E - an amulet of reflection
   (You found it on level 3 of the Lair of Beasts)
 N - a ring of resist corrosion
   (You found it on level 10 of the Dungeon)
Wands
 d - a wand of iceblast (1)
   (You found it on level 1 of the Lair of Beasts)
 n - a wand of polymorph (3)
   (You found it on level 2 of the Dungeon)
 t - a wand of flame (17)
   (You found it on level 3 of the Dungeon)
 u - a wand of paralysis (4)
   (You found it on level 6 of the Dungeon)
 x - a wand of acid (16)
   (You found it on level 10 of the Dungeon)
 M - a wand of mindburst (12)
   (You found it on level 10 of the Dungeon)
Scrolls
 k - 5 scrolls of enchant armour
 m - 9 scrolls of teleportation {@r4}
 o - 5 scrolls of fear
 p - 4 scrolls of poison {!r}
 q - 5 scrolls of magic mapping
 r - 8 scrolls of vulnerability {!r}
 s - 5 scrolls of amnesia
 C - a scroll of immolation {!r}
 D - 3 scrolls of fog
 L - 2 scrolls of enchant weapon
 O - a scroll of torment {!r}
 P - a scroll of blinking
Potions
 b - 8 potions of ambrosia
 f - a potion of invisibility
 h - 3 potions of haste {unknown}
 l - 3 potions of lignification {!q}
 v - 5 potions of degeneration {unknown}
 w - 5 potions of brilliance
 z - 3 potions of attraction {!q}
 J - a potion of mutation {!q}
 Q - a potion of might
Miscellaneous
 c - a piece from Xom's chessboard (15/15) (quivered)


   Skills:
 + Level 13.0 Fighting
 * Level 13.3 Maces & Flails
 + Level 10.3 Armour
 + Level 10.2 Dodging
 + Level 8.2 Shields


You had 13 spell levels left.
You didn't know any spells.
Your spell library contained the following spells:

 Spells                   Type           Power      Damage    Failure   Level
 Apportation              Tloc           0%         N/A       63%         1
 Magic Dart               Conj           0%         1d3       63%         1
 Necrotize                Necr           0%         1d4       63%         1
 Shock                    Conj/Air       0%         1d3       63%         1
 Slow                     Hex            0%         N/A       63%         1
 Summon Small Mammal      Summ           0%         N/A       63%         1
 Poisonous Vapours        Pois/Air       0%         N/A       77%         2
 Searing Ray              Conj           0%         2d4       77%         2
 Confusing Touch          Hex            0%         N/A       94%         3
 Inner Flame              Hex/Fire       0%         N/A       94%         3
 Portal Projectile        Hex/Tloc       0%         N/A       94%         3
 Swiftness                Air            0%         N/A       94%         3
 Tukima's Dance           Hex            0%         N/A       94%         3
 Vampiric Draining        Necr           0%         2d6       94%         3
 Airstrike                Air            0%         N/A       100%        4
 Cause Fear               Hex            0%         N/A       100%        4
 Corpse Rot               Necr/Pois/Air  0%         N/A       100%        4
 Fulminant Prism          Conj/Hex       0%         3d6       100%        4
 Iskenderun's Mystic Bla  Conj/Tloc      0%         2d3       100%        4
 Blade Hands              Tmut           0%         N/A       100%        5
 Lee's Rapid Deconstruct  Erth           0%         3d5*      100%        5
 Discord                  Hex            0%         N/A       100%        8


Dungeon Overview and Level Annotations

Branches:
Dungeon (10/15)            Temple (0/1) D:7            Lair (6/6) D:9
  Swamp (0/4) Lair:4       Spider (0/4) Lair:3        Slime (0/5) Lair:6
    Orc (0/2) D:10

Altars:
Ashenzari
Cheibriados
Dithmenos
Gozag
Makhleb
Nemelex Xobeh
Okawaru
Ru
Trog
Uskayaw
Vehumet
Wu Jian
Xom
Jiyva

Shops:
D:6 *

Annotations:
Lair:6 1 runed translucent door, exclusion: obsidian statue


Innate Abilities, Weirdness & Mutations

You have hoof-like feet.
You are completely covered in icy blue scales. (AC +4, rC+)
Your demonic aura often causes spilled blood to erupt in flames.
You regenerate magic rapidly.
You have a pair of small horns on your head.
You are clumsy. (Dex -2)
You are very dopey. (Int -4)
You are somewhat resistant to further mutation.
You passively map a small area around you.
You heal very quickly.
You are covered in fur. (AC +1)
Your muscles are strong. (Str +2)
You sometimes lose the ability to read scrolls when taking damage.


Message History

Okay, then.
There are monsters nearby!
You feel better. The spectral anaconda bites you!
* * * LOW HITPOINT WARNING * * *
The spectral anaconda constricts you.
Your +0 dagger is engulfed in blazing flames.
Your +0 dagger hits the spectral anaconda!
You block the dire elephant's attack.
The dire elephant completely misses you.
You impale the dire elephant!!
You kill the dire elephant!
You sock the dire elephant! You hit the spectral anaconda.
You bludgeon the dire elephant!!
A freezing mist starts to gather...
A dire elephant simulacrum comes into view.
The spectral anaconda bites you but does no damage.
The spectral anaconda constricts you.
Your +0 dagger is engulfed in blazing flames.
Your +0 dagger hits the spectral anaconda!
The dire elephant is engulfed in blazing flames.
The dire elephant tramples you!
* * * LOW HITPOINT WARNING * * *
You are held in place!
The dire elephant completely misses you.
The dire elephant is engulfed in blazing flames.
The dire elephant tramples you but does no damage.
The dire elephant trunk-slaps you.
* * * LOW HITPOINT WARNING * * *
The spectral anaconda bites your +0 dagger.
The spectral anaconda constricts you.
Your life force feels restored.
You are confused.
You feel invigorated.
The spectral anaconda bites your +0 dagger.
The spectral anaconda constricts you.
Your +0 dagger hits the spectral anaconda!
The spectral anaconda is destroyed!
The dire elephant is engulfed in blazing flames.
The dire elephant tramples you!
* * * LOW HITPOINT WARNING * * *
You hold your ground!
The dire elephant misses you.
Your Fighting skill increases to level 13!
You are more confused.
You feel more invigorated.
Your +0 dagger hits the dire elephant.
The dire elephant simulacrum is engulfed in blazing flames.
The dire elephant is engulfed in blazing flames.
The dire elephant completely misses you.
The dire elephant misses you.
The dire elephant is engulfed in blazing flames.
The dire elephant tramples you!!
You die...

.÷####P.#.P#≈...##
..#.P##.#.##≈≈≈..#
≈...###.#.#≈≈≈≈≈≈#
.≈.P#.#.#.# ≈≈≈≈≈
≈≈......#.# ,≈≈≈#*
.≈#####.#.####''##
≈### #..#.8##8.(8#
.♣.###..'..8#.☼Y.#
≈.##.#..'.⌠.#.○Z@#
≈#......'..8#.$Y.#
........#.8##8?)8#
#....##.#.########
#######.#.##8.}8##
# ##.#.#......#
######.♣#.#...)÷÷#
.#.#..♣.#.##.†..÷#
.....#..#..#....##


You could see 2 dire elephants, a dire elephant simulacrum and a friendly +0
dagger.

Vanquished Creatures
  2 dire elephants (Lair:6)
  Nessos (Lair:6)
  Snorg (Lair:3)
  A boulder beetle (Lair:4)
  7 hydras
  A two-headed ogre (D:9)
  Erica (Lair:2)
  A catoblepas (Lair:4)
  6 death yaks (Lair:6)
  Amaemon (Lair:3)
  2 spectral death yaks (Lair:6)
  A swamp dragon (Lair:4)
  An ugly thing (D:8)
  An oklob plant (Lair:4)
  3 necromancers (Lair:6)
  A manticore (D:8)
  6 elephants (Lair:6)
  8 black mambas
  An orange demon (Lair:3)
  11 cane toads
  An unseen horror (D:10)
  5 rime drakes
  13 komodo dragons
  3 kobold demonologists (D:10)
  A dire elephant skeleton (Lair:6)
  A queen bee (Lair:1)
  19 blink frogs
  A hornet (Lair:4)
  A slime creature (D:8)
  5 polar bears
  A spectral elephant (Lair:6)
  A tarantella (Lair:6)
  15 dream sheep
  A shadow (D:10)
  Sigmund (D:3)
  A culicivora (Lair:3)
  17 yaks
  2 wyverns
  A dire elephant simulacrum (Lair:6)
  A wraith (D:10)
  3 basilisks
  4 vampire mosquitoes (D:10)
  A spectral cane toad (Lair:6)
  2 death yak simulacra (Lair:6)
  A naga (Lair:6)
  4 wargs (D:10)
  18 water moccasins
  3 orc warriors
  An elephant zombie (Lair:6)
  An ice beast (D:5)
  3 black bears
  20 wolves
  An ogre (D:5)
  2 phantoms
  The ghost of croobank the Sneak, an amateur OpFE (D:4)
  3 elephant skeletons (Lair:6)
  5 kobold brigands
  14 bullfrogs
  A gnoll sergeant (D:9)
  A cane toad simulacrum (Lair:6)
  4 scorpions
  4 wights (D:8)
  21 killer bees
  3 elephant simulacra (Lair:6)
  An electric eel (Lair:1)
  7 howler monkeys
  Crazy Yiuf (D:3)
  4 orc priests
  7 jellies
  5 hounds
  A gnoll shaman (D:5)
  5 iguanas
  9 orc wizards
  Terence (D:2)
  Natasha (thrice) (D:3)
  7 hell rats
  17 gnolls
  5 adders
  2 shadow imps
  A white imp (D:6)
  5 worms
  A dart slug (D:2)
  22 orcs
  A ball python (D:3)
  3 bats
  13 endoplasms
  A giant cockroach (D:1)
  4 hobgoblins
  2 jackals (D:2)
  A quokka (D:1)
  3 frilled lizards
  12 goblins
  12 kobolds
  2 rats (D:1)
427 creatures vanquished.

Vanquished Creatures (collateral kills)
  A hydra (Lair:3)
  A spectral anaconda (Lair:6)
  A black mamba (Lair:3)
  A cane toad (Lair:1)
  4 dream sheep (Lair:6)
  5 yaks
  A steam dragon (D:6)
  An orc warrior (D:9)
  A black bear (Lair:1)
  A centaur (D:9)
  6 killer bees
  A howler monkey (D:9)
  An orc priest (D:9)
  3 orc wizards (D:9)
  A gnoll (D:9)
  A shadow imp (D:6)
  3 orcs (D:9)
  A butterfly (Lair:6)
34 creatures vanquished.

Vanquished Creatures (others)
  2 kobold brigands (D:8)
  40 fungi
  43 plants
  8 toadstools (D:8)
  23 withered plants (Lair:6)
116 creatures vanquished.

Grand Total: 577 creatures vanquished

Notes
Turn   | Place    | Note
-------+----------+-------------------------------------------
     0 | D:1      | bladeefan the Demonspawn Chaos Knight began the quest for
                  | the Orb.
     0 | D:1      | Reached XP level 1. HP: 18/18 MP: 1/1
   112 | D:1      | Reached skill level 1 in Dodging
   388 | D:1      | Gained mutation: You are partially covered in icy blue
                  | scales. (AC +2) [demonic ancestry]
   388 | D:1      | Reached XP level 2. HP: 24/24 MP: 2/2
   728 | D:1      | XOM: god gift: chain mail {god gift}
   789 | D:2      | Noticed Terence
   789 | D:2      | XOM: 4-stop teleportation journey
   795 | D:2      | Killed Terence
   796 | D:2      | Gained mutation: Your demonic aura sometimes causes spilled
                  | blood to erupt in flames. [demonic ancestry]
   796 | D:2      | Reached XP level 3. HP: 25/29 MP: 3/3
   833 | D:2      | XOM: 1-stop teleportation journey
  1010 | D:2      | XOM: noise
  1030 | D:2      | Reached XP level 4. HP: 27/37 MP: 4/4
  1070 | D:2      | XOM: cast spell 'Alistair's Intoxication'
  1133 | D:2      | XOM: 1-stop teleportation journey
  1418 | D:2      | XOM: give mutations
  1418 | D:2      | Gained mutation: You are partially covered in large bone
                  | plates. (SH +4) [Xom's grace]
  1418 | D:2      | Gained mutation: Your spells are a little harder to cast,
                  | but a little more powerful. [Xom's grace]
  1418 | D:2      | Gained mutation: You are robust. (+10% HP) [Xom's grace]
  1602 | D:2      | XOM: cloud trail
  1737 | D:2      | XOM: god gift: shortbow {god gift}
  1777 | D:3      | XOM: summons 4 hostile shadow creatures
  1969 | D:3      | XOM: give mutations
  1969 | D:3      | Gained mutation: You passively map a small area around you.
                  | [Xom's grace]
  1969 | D:3      | Gained mutation: You passively dampen the noise of your
                  | surroundings. [Xom's grace]
  2070 | D:3      | Noticed Natasha
  2081 | D:3      | Killed Natasha
  2082 | D:3      | Reached XP level 5. HP: 36/47 MP: 5/5
  2305 | D:3      | XOM: scenery: create altars
  2339 | D:3      | Noticed Natasha
  2345 | D:3      | Killed Natasha
  2426 | D:3      | Noticed Natasha
  2434 | D:3      | XOM: scenery: create altars
  2443 | D:3      | Killed Natasha
  2681 | D:3      | XOM: scenery: 1 doors close
  2700 | D:3      | Noticed Sigmund
  2733 | D:3      | Killed Sigmund
  2734 | D:3      | Reached skill level 5 in Fighting
  2734 | D:3      | Gained mutation: You have large cloven feet. [demonic
                  | ancestry]
  2734 | D:3      | Reached XP level 6. HP: 43/56 MP: 6/6
  2839 | D:3      | Found a burning altar of Makhleb.
  2840 | D:3      | Noticed a blizzard demon
  2919 | D:3      | XOM: give mutations
  2919 | D:3      | Gained mutation: You have very sharp teeth. [Xom's grace]
  2919 | D:3      | Gained mutation: You expend magic power (3 MP) to
                  | strengthen your wands. [Xom's grace]
  2919 | D:3      | Gained mutation: Your natural rate of healing is unusually
                  | fast. [Xom's grace]
  2928 | D:3      | Found a runed translucent door.
  2929 | D:3      | Noticed Crazy Yiuf
  3190 | D:3      | Killed Crazy Yiuf
  3322 | D:4      | Found a sacrificial altar of Ru.
  3459 | D:4      | Found a runed translucent gate.
  3460 | D:4      | Found a runed translucent gate.
  3460 | D:4      | Found an opulent altar of Gozag.
  3463 | D:4      | Found a runed translucent gate.
  3809 | D:4      | Noticed croobank's ghost (amateur OpFE)
  4056 | D:4      | XOM: give mutations
  4056 | D:4      | Gained mutation: Your flesh is heat resistant. (rF+) [Xom's
                  | grace]
  4056 | D:4      | Gained mutation: You have a pair of small horns on your
                  | head. [Xom's grace]
  4064 | D:4      | Reached XP level 7. HP: 57/62 MP: 7/7
  4236 | D:4      | XOM: summons 2 hostile shadow creatures
  4325 | D:4      | XOM: torment (32/62 hp)
  4386 | D:4      | XOM: fog
  4397 | D:4      | Killed croobank's ghost
  4398 | D:4      | XOM: silly message
  4436 | D:4      | XOM is BORED!
  4436 | D:4      | XOM: give mutations
  4436 | D:4      | Gained mutation: You are dopey. (Int -2) [Xom's mischief]
  4436 | D:4      | Lost mutation: You have very sharp teeth. [Xom's mischief]
  4445 | D:5      | Entered Level 5 of the Dungeon
  4493 | D:5      | Found a sparkling altar of Nemelex Xobeh.
  4577 | D:5      | XOM: chaos cloud
  4583 | D:5      | Gained mutation: Your demonic aura often causes spilled
                  | blood to erupt in flames. [demonic ancestry]
  4583 | D:5      | Reached XP level 8. HP: 71/71 MP: 8/8
  4640 | D:5      | XOM: summons 2 hostile demons
  4829 | D:5      | XOM: give mutations
  4829 | D:5      | Lost mutation: Your spells are a little harder to cast, but
                  | a little more powerful. [Xom's mischief]
  4829 | D:5      | Lost mutation: You are robust. (+10% HP) [Xom's mischief]
  4829 | D:5      | Lost mutation: You passively dampen the noise of your
                  | surroundings. [Xom's mischief]
  4833 | D:5      | XOM: silly message
  4948 | D:5      | XOM: give mutations
  4948 | D:5      | Gained mutation: You sometimes lose the ability to read
                  | scrolls when taking damage. [Xom's mischief]
  4948 | D:5      | Gained mutation: You are very dopey. (Int -4) [Xom's
                  | mischief]
  4948 | D:5      | Lost mutation: Your flesh is heat resistant. (rF+) [Xom's
                  | mischief]
  4948 | D:5      | Lost mutation: You are partially covered in large bone
                  | plates. (SH +4) [Xom's mischief]
  4975 | D:5      | Reached skill level 5 in Maces & Flails
  5026 | D:5      | XOM: divination: magic mapping
  5210 | D:5      | XOM: torment (35/67 hp)
  5278 | D:6      | Identified the +0 buckler of Jacsoix {Str+4}
  5357 | D:6      | Found a broken altar of Ashenzari.
  5519 | D:6      | Found Neir's Wicked Wares.
  5643 | D:6      | XOM: cast spell 'Summon Ice Beast'
  5943 | D:7      | Found a radiant altar of Vehumet.
  5949 | D:7      | Reached skill level 5 in Armour
  6049 | D:7      | Gained mutation: You are mostly covered in icy blue scales.
                  | (AC +3) [demonic ancestry]
  6049 | D:7      | Reached XP level 9. HP: 55/74 MP: 9/9
  6073 | D:7      | Found a staircase to the Ecumenical Temple.
  6117 | D:7      | HP: 2/74 [orc wizard/magic dart (2)]
  6146 | D:7      | XOM: cleaving
  6516 | D:7      | XOM: cloud trail
  6581 | D:8      | Found a shadowy altar of Dithmenos.
  6693 | D:8      | Reached skill level 5 in Dodging
  6737 | D:8      | Found a bloodstained altar of Trog.
  6770 | D:8      | Noticed a purple ugly thing
  6778 | D:8      | Killed a purple ugly thing
  6782 | D:8      | Identified the +2 quarterstaff "Patioz" {drain, Dex+5}
  6807 | D:8      | Found an opulent altar of Gozag.
  6854 | D:8      | XOM: divine lightning
  6984 | D:8      | XOM: scenery: create altars
  7047 | D:8      | Identified the +6 scale mail "Ypigerak" {rElec rN+ MP+9}
  7111 | D:8      | XOM: smoke on damage
  7120 | D:8      | Gained mutation: You have hoof-like feet. [demonic
                  | ancestry]
  7120 | D:8      | Reached XP level 10. HP: 74/83 MP: 10/10
  7141 | D:8      | Found an ornate altar of the Wu Jian Council.
  7163 | D:8      | Reached skill level 1 in Shields
  7359 | D:8      | Noticed a manticore
  7362 | D:8      | XOM: confuse monster(s)
  7364 | D:8      | XOM: divine lightning
  7367 | D:8      | XOM: scenery: create altars
  7369 | D:8      | Killed a manticore
  7455 | D:8      | Found an iron altar of Okawaru.
  7599 | D:9      | Found a staircase to the Lair.
  7741 | D:9      | XOM: 1-stop teleportation journey
  7894 | D:9      | Noticed a seven-headed hydra
  7897 | D:9      | Noticed a two-headed ogre
  7897 | D:9      | XOM: cleaving
  7907 | D:9      | Killed a seven-headed hydra
  7908 | D:9      | Reached skill level 10 in Fighting
  7922 | D:9      | XOM: fog
  7931 | D:9      | Killed a two-headed ogre
  7989 | D:10     | Entered Level 10 of the Dungeon
  8037 | D:10     | XOM: cleaving
  8049 | D:10     | XOM: give mutation
  8049 | D:10     | Gained mutation: You heal very quickly. [Xom's grace]
  8081 | D:10     | Found a shimmering altar of Xom.
  8199 | D:10     | XOM: enchant monster (bad)
  8212 | D:10     | XOM: summons 2 hostile demons
  8298 | D:10     | XOM: enchant monster (bad)
  8304 | D:10     | Gained mutation: You regenerate magic rapidly. [demonic
                  | ancestry]
  8304 | D:10     | Reached XP level 11. HP: 90/91 MP: 11/11
  8315 | D:10     | XOM: noise
  8330 | D:10     | Found a snail-covered altar of Cheibriados.
  8342 | D:10     | XOM: enchant monster (bad)
  8354 | D:10     | XOM: smoke on damage
  8384 | D:10     | Found a hide-covered altar of Uskayaw.
  8464 | D:10     | Identified the +0 scale mail of Devotion {+Blink}
  8604 | D:10     | XOM: noise
  8648 | D:10     | Found a staircase to the Orcish Mines.
  8949 | Lair:1   | Entered Level 1 of the Lair of Beasts
  8950 | Lair:1   | Identified a scroll of acquirement
  8956 | Lair:1   | Acquired the amulet "Denafoha" {Faith rPois rN+ Int+4
                  | Slay+2}
  9020 | Lair:1   | XOM: 1-stop teleportation journey
  9120 | Lair:1   | XOM: noise
  9121 | Lair:1   | XOM: potion effect (brilliance)
  9134 | Lair:1   | XOM: cast spell 'Dispersal'
  9140 | Lair:1   | XOM: cast spell 'Summon Dragon'
  9238 | Lair:1   | Noticed a four-headed hydra
  9244 | Lair:1   | Killed a four-headed hydra
  9428 | Lair:1   | XOM: scenery: summon butterflies
  9655 | Lair:1   | XOM: god gift: book of Weapons
  9816 | Lair:2   | XOM: silly message
  9851 | Lair:2   | XOM: scenery: create altars
  9927 | Lair:2   | Found a bloodstained altar of Trog.
  9933 | Lair:2   | XOM: divination: magic mapping
  9978 | Lair:2   | Reached XP level 12. HP: 100/100 MP: 12/12
  9997 | Lair:2   | XOM: summons 4 friendly demons
 10004 | Lair:2   | Reached skill level 5 in Shields
 10006 | Lair:2   | Reached skill level 10 in Maces & Flails
 10075 | Lair:2   | XOM: summons 4 friendly demons
 10100 | Lair:2   | Noticed Erica
 10107 | Lair:2   | Killed Erica
 10274 | Lair:3   | Noticed a five-headed hydra
 10274 | Lair:3   | XOM: 2-stop teleportation journey
 10277 | Lair:3   | Noticed a seven-headed hydra
 10280 | Lair:3   | XOM: cleaving
 10284 | Lair:3   | Killed a seven-headed hydra
 10291 | Lair:3   | XOM: give mutations
 10291 | Lair:3   | Gained mutation: Your muscles are strong. (Str +2) [Xom's
                  | grace]
 10291 | Lair:3   | Gained mutation: You are covered in fur. (AC +1) [Xom's
                  | grace]
 10291 | Lair:3   | Gained mutation: You are somewhat resistant to further
                  | mutation. [Xom's grace]
 10306 | Lair:3   | XOM: summons friendly quasit
 10307 | Lair:3   | XOM: destruction
 10309 | Lair:3   | Noticed a seven-headed hydra
 10312 | Lair:3   | Noticed Snorg
 10316 | Lair:3   | Killed a seven-headed hydra
 10330 | Lair:3   | XOM: fog
 10332 | Lair:3   | XOM: summons 12 friendly demons
 10341 | Lair:3   | Killed Snorg
 10342 | Lair:3   | XOM: potion effect (invisibility)
 10346 | Lair:3   | Killed a five-headed hydra
 10380 | Lair:3   | Found a hole to the Spider Nest.
 10421 | Lair:3   | XOM: scenery: 1 doors open
 10431 | Lair:3   | XOM: divination: magic mapping
 10433 | Lair:3   | XOM: give mutations
 10433 | Lair:3   | Lost mutation: You expend magic power (3 MP) to strengthen
                  | your wands. [Xom's mischief]
 10433 | Lair:3   | Gained mutation: You are clumsy. (Dex -2) [Xom's mischief]
 10509 | Lair:3   | XOM: stat loss: -1 Int (12/13)
 10539 | Lair:3   | Identified the +3 leather armour of Light {Rampage}
 10542 | Lair:3   | Noticed Amaemon
 10543 | Lair:3   | XOM: enchant monster (bad)
 10545 | Lair:3   | XOM: swap monsters
 10546 | Lair:3   | XOM: enchant monster (bad)
 10565 | Lair:3   | XOM: summons 7 hostile demons
 10568 | Lair:3   | Killed Amaemon
 10586 | Lair:3   | XOM: cast spell 'Summon Small Mammal'
 11381 | Lair:4   | Noticed a catoblepas
 11393 | Lair:4   | Killed a catoblepas
 11394 | Lair:4   | XOM: scenery: create altars
 11399 | Lair:4   | Gained mutation: You are completely covered in icy blue
                  | scales. (AC +4, rC+) [demonic ancestry]
 11399 | Lair:4   | Reached XP level 13. HP: 73/107 MP: 13/13
 11415 | Lair:4   | XOM: divination: detect creatures
 11438 | Lair:4   | XOM: enchant monster (good)
 11441 | Lair:4   | XOM: summons friendly crimson imp
 11514 | Lair:4   | XOM: divination: detect items
 11658 | Lair:4   | XOM: divination: detect items
 11704 | Lair:4   | XOM: divination: magic mapping
 11724 | Lair:4   | XOM: god gift: wand of acid (5)
 11727 | Lair:4   | XOM: potion effect (brilliance)
 11728 | Lair:4   | XOM: snakes to sticks
 11746 | Lair:4   | Found a staircase to the Swamp.
 11753 | Lair:4   | XOM: confusion
 11754 | Lair:4   | XOM: noise
 11758 | Lair:4   | XOM: draining
 11821 | Lair:4   | XOM: noise
 12089 | Lair:5   | XOM: polymorph water moccasin -> hornet
 12100 | Lair:5   | XOM: blink monster(s)
 12119 | Lair:4   | XOM: summons 2 hostile shadow creatures
 12166 | Lair:5   | XOM: repel stairs
 12168 | Lair:5   | XOM: swap monsters
 12213 | Lair:5   | XOM: noise
 12218 | Lair:5   | XOM: enchant monster (bad)
 12429 | Lair:5   | XOM: 8-stop teleportation journey
 12618 | Lair:5   | XOM: divination: magic mapping
 12627 | Lair:5   | XOM: cloud trail
 12663 | Lair:5   | XOM: cast spell 'Alistair's Intoxication'
 13109 | Lair:6   | Entered Level 6 of the Lair of Beasts
 13121 | Lair:6   | XOM: polymorph rime drake -> naga
 13138 | Lair:6   | XOM: summons 9 friendly demons
 13167 | Lair:6   | XOM: cleaving
 13172 | Lair:6   | XOM: snakes to sticks
 13188 | Lair:6   | XOM: destruction
 13199 | Lair:6   | XOM: scenery: summon butterflies
 13200 | Lair:6   | XOM: god gift: pair of gloves {god gift}
 13253 | Lair:6   | XOM: noise
 13261 | Lair:6   | XOM: enchant monster (good)
 13346 | Lair:6   | XOM: cast spell 'Monstrous Menagerie'
 13353 | Lair:6   | Noticed Nessos
 13410 | Lair:6   | XOM: noise
 13660 | Lair:6   | XOM: confusion (+ monsters)
 14021 | Lair:6   | XOM: divination: detect items
 14026 | Lair:6   | Killed Nessos
 14055 | Lair:6   | XOM: confusion
 14083 | Lair:6   | XOM: summons friendly ufetubus
 14156 | Lair:6   | XOM: 1-stop teleportation journey
 14175 | Lair:6   | XOM: divination: magic mapping
 14177 | Lair:6   | XOM: potion effect (curing)
 14178 | Lair:6   | XOM: silly message
 14180 | Lair:6   | XOM: torment (67/109 hp)
 14181 | Lair:6   | Reached XP level 14. HP: 72/116 MP: 14/14
 14216 | Lair:6   | Found a runed translucent door.
 14216 | Lair:6   | Found a viscous altar of Jiyva.
 14216 | Lair:6   | Found a staircase to the Slime Pits.
 14216 | Lair:6   | XOM: 2-stop teleportation journey
 14251 | Lair:6   | Upgraded the game from 0.29-a0-451-gfbfa42419e to
                  | 0.29-a0-468-ge57f7f99b4
 14297 | Lair:6   | XOM: 2-stop teleportation journey
 14332 | Lair:6   | XOM: confusion
 14356 | Lair:6   | XOM: 2-stop teleportation journey
 14365 | Lair:6   | XOM: polymorph cane toad -> tarantella
 14370 | Lair:6   | XOM: enchant monster (bad)
 14376 | Lair:6   | Reached skill level 10 in Armour
 14378 | Lair:6   | XOM: summons 3 hostile demons
 14381 | Lair:6   | XOM: confusion (+ monsters)
 14397 | Lair:6   | XOM: confusion (+ monsters)
 14399 | Lair:6   | Reached skill level 10 in Dodging
 14418 | Lair:6   | XOM: cloud trail
 14493 | Lair:6   | XOM: cast spell 'Alistair's Intoxication'
 14496 | Lair:6   | XOM: 2-stop teleportation journey
 14604 | Lair:6   | XOM: cast spell 'Summon Cactus Giant'
 14623 | Lair:6   | XOM: summons friendly crimson imp
 14674 | Lair:6   | XOM: confusion (+ monsters)
 14675 | Lair:6   | XOM: cast spell 'Dispersal'
 14678 | Lair:6   | XOM: confuse monster(s)
 14693 | Lair:6   | XOM: noise
 14708 | Lair:6   | XOM: divination: detect items
 14975 | Lair:6   | XOM: 4-stop teleportation journey
 14985 | Lair:6   | XOM: enchant monster (bad)
 14989 | Lair:6   | XOM: enchant monster (good)
 14993 | Lair:6   | XOM: cleaving
 14997 | Lair:6   | Mangled by a dire elephant

Illustrated notes

Levels and vault maps discovered:
D:1:      dpeg_chamrin_arrival_tetris, layout_basic
D:2:      layout_basic, uniq_terence
D:3:      layout_basic, makhleb_altar_promises_db, uniq_natasha, uniq_sigmund,
          uniq_crazy_yiuf_cottage
D:4:      layout_basic, kennysheep_mini, ebering_ghost_gozag, serial_rivers,
          chequers_serial_rivers_large_a, chequers_serial_rivers_micro_a,
          chequers_serial_rivers_micro_a, chequers_serial_rivers_room_a,
          chequers_serial_rivers_room_a
D:5:      layout_loops_cross, mainiacjoe_overflow_alcove_2
D:6:      layout_basic, ashenzari_altar_1, nicolae_evil_shop
D:7:      layout_cave_pools, mainiacjoe_overflow_catwalk,
          minmay_temple_entry_sparse_star, kennysheep_pointless_box,
          hellmonk_bongcloud_opening
D:8:      cheibrodos_fertilizer, layout_rooms, trog_hazing_becter,
          mainiacjoe_overflow_small_starburst, okawaru_altar_gauntlet_db,
          mainiacjoe_overflow_surrounded_room, marbit_many_paths
D:9:      layout_rooms, dpeg_oklobed_lair, nicolae_elevator_lobby_asterisk
D:10:     layout_basic, cheibrodos_worm_habitat, eat_drink_and_be_merry_uskayaw,
          nicolae_overflow_crystal_walls, minmay_orc_entry_guard_dogs
Lair:1:   layout_gridlike, special_room [special_room_bee]
Lair:2:   layout_misc_corridors, basic_altar, chequers_serial_rivers_room_b,
          uniq_erica
Lair:3:   layout_regular_city, spider_nest_entry_rubble,
          cheibrodos_lair_caveside_slide, uniq_amaemon, uniq_snorg
Lair:4:   layout_cave_pods, minmay_swamp_entry_reptiles, serial_bayou_shore_b
Lair:5:   layout_cave_pods, chequers_serial_rivers_micro_c
Lair:6:   due_jungle_book, layout_small_grid, slime_altar_2,
          chequers_serial_rivers_marsh, st_stairs_10, serial_bayou_crossing,
          lemuel_fruit_fields, uniq_urug, uniq_nessos

Skill      XL: |  1  2  3  4  5  6  7  8  9 10 11 12 13 14 |
---------------+-------------------------------------------+-----
Dodging        | 1 2 3 4 5 6 7 8 9 10 | 10.2
Armour         | 2 3 4 5 6 7 8 9 10 | 10.3
Maces & Flails | 3 4 5 6 8 9 11 12 13 | 13.3
Fighting       | 4 5 6 8 9 10 11 12 13 | 13.0
Shields        | 3 4 6 7 8 |  8.2

Action                   |  1- 3 |  4- 6 |  7- 9 | 10-12 | 13-15 || total
-------------------------+-------+-------+-------+-------+-------++-------
Melee: Mace              |    44 |       |       |       |       ||    44
       Flail             |    36 |   166 |   227 |       |       ||   429
       Punch             |       |     3 |     1 |       |       ||     4
       Kick              |       |    17 |   103 |   145 |   186 ||   451
       Bite              |       |     8 |     1 |       |       ||     9
       Headbutt          |       |     1 |    66 |    89 |   118 ||   274
       Morningstar       |       |       |    77 |   456 |   446 ||   979
  Use: Potion            |     1 |     3 |     8 |       |    15 ||    27
       Scroll            |     1 |     2 |     7 |     7 |     2 ||    19
 Stab: Sleeping          |     1 |       |       |     1 |       ||     2
       Paralysed         |       |       |     1 |       |     3 ||     4
       Invisible         |       |       |     3 |     3 |     1 ||     7
       Confused          |       |       |       |     3 |       ||     3
Armor: Leather armour    |    13 |       |       |       |       ||    13
       Chain mail        |    19 |    83 |   208 |   123 |       ||   433
       Scale mail        |       |       |       |   234 |   290 ||   524
Dodge: Dodged            |    47 |    66 |   166 |   454 |   384 ||  1117
Block: Other             |       |    29 |    33 |       |       ||    62
       Buckler           |       |       |    36 |   157 |   145 ||   338

Table legend: (Time is in decaauts)
 A = Elapsed time spent in this place.
 B = Non-inter-level travel time spent in this place.
 C = Inter-level travel time spent in this place.
 D = Time resting spent in this place.
 E = Time spent auto-exploring this place.
 F = Levels seen in this place.
 G = Mean time per level.
                   A        B        C        D        E       F      G
               +--------+--------+--------+--------+--------+-----+--------+
         Total |  15178 |  14728 |    450 |    907 |  10189 |  16 |  948.6 |
       Dungeon |   9121 |   8803 |    318 |    261 |   6438 |  10 |  912.1 |
          Lair |   6056 |   5925 |    131 |    646 |   3751 |   6 | 1009.3 |
               +--------+--------+--------+--------+--------+-----+--------+

Top non-repeatable levels by time:
  Lair:5: 1606 daAuts
     D:3: 1489 daAuts
     D:4: 1225 daAuts
  Lair:6: 1212 daAuts
  Lair:4: 1064 daAuts
     D:2: 1040 daAuts
     D:8: 995 daAuts
    D:10: 950 daAuts
  Lair:1: 868 daAuts
     D:5: 853 daAuts
  Lair:3: 835 daAuts
     D:1: 760 daAuts
     D:6: 748 daAuts
     D:7: 571 daAuts
     D:9: 486 daAuts
